 Dungeon Crawl Stone Soup version 0.30-a0-1008-g30c9307041 (webtiles) character file.

Game seed: 15515150282740683476

4958 Demosthentine the Trooper (level 10, -1/80 HPs)
             Began as a Demonspawn Gladiator on Apr 6, 2023.
             Slain by an unseen horror (5 damage)
             ... on level 8 of the Dungeon.
             The game lasted 00:12:38 (11455 turns).

Demosthentine the Trooper (Demonspawn Gladiator)   Turns: 11455, Time: 00:12:39

Health: -1/80      AC: 10    Str: 16    XL:     10   Next: 28%
Magic:  0/19       EV: 18    Int: 10    God:
Gold:   406        SH:  0    Dex: 25    Spells: 9/9 levels left

rFire   . . .      SeeInvis .    a - +0 trident
rCold   . . .      Faith    .    (no shield)
rNeg    . . .      Spirit   +    v - +0 steam dragon scales
rPois   .          Reflect  .    c - +1 helmet
rElec   .          Rampage  .    b - +0 cloak
rCorr   .                        (no gloves)
Will    .....                    (no boots)
Stlth   +++                      (no amulet)
HPRegen 0.33/turn                h - +6 ring of dexterity
MPRegen 0.32/turn                s - ring of magical power

@: no status effects
A: thin skeletal structure 1, ignite blood 3, magic shield, magic regeneration
a: no special abilities


You were on level 8 of the Dungeon.
You visited 2 branches of the dungeon, and saw 9 of its levels.
You also visited: Sewer and Ossuary.

You collected 406 gold pieces.

Inventory:

Hand Weapons
 a - a +0 trident (weapon)
Armour
 b - a +0 cloak (worn)
 c - a +1 helmet (worn)
 v - +0 steam dragon scales (worn)
Jewellery
 h - a +6 ring of dexterity (left hand)
 s - a ring of magical power (right hand)
Wands
 l - a wand of paralysis (9)
 q - a wand of roots (10)
 A - a wand of flame (27)
Scrolls
 f - a scroll of blinking
 i - a scroll of teleportation
 k - 3 scrolls of fog
 o - 13 scrolls of identify
 r - 2 scrolls of enchant armour
 x - a scroll of fear {unknown}
 y - a scroll of enchant weapon {unknown}
Potions
 d - 6 potions of curing
 g - 2 potions of brilliance
 j - 4 potions of attraction
 m - 2 potions of haste
 n - 2 potions of resistance
 p - a potion of mutation
 t - 4 potions of lignification
 u - 2 potions of invisibility
 w - a potion of might


   Skills:
 + Level 7.9 Fighting
 + Level 7.5 Polearms
 - Level 1.7 Throwing
 + Level 6.9 Armour
 + Level 7.5 Dodging


You had 9 spell levels left.
You didn't know any spells.
Your spell library contained the following spells:

 Spells                   Type           Power      Damage    Failure   Level
 Apportation              Tloc           0%         N/A       36%         1
 Necrotise                Necr           0%         1d4       36%         1
 Summon Small Mammal      Summ           0%         N/A       36%         1
 Cigotuvi's Dreadful Rot  Necr/Pois/Air  0%         N/A       50%         2
 Dispel Undead            Necr           0%         3d6       98%         4
 Death Channel            Necr           0%         N/A       100%        6


Dungeon Overview and Level Annotations

Branches:
Dungeon (8/15)             Temple (1/1) D:7           Sewer (visited)
Ossuary (visited)
   Lair: D:8-11

Altars:
Ashenzari
Cheibriados
Dithmenos
Fedhas
Gozag
Kikubaaqudgha
Makhleb
Okawaru
Qazlal
Ru
Sif Muna
Trog
Vehumet
Wu Jian
Xom
Yredelemnul


Innate Abilities, Weirdness & Mutations

You have a somewhat thin skeletal structure. (Dex +2, Stealth+)
Your demonic aura causes all spilled blood to erupt in flames.
When hurt, damage is shared between your health and your magic reserves.
You regenerate magic rapidly.


Message History

You hit the centaur.
The centaur is lightly wounded.
The centaur misses you.
The centaur kicks you but does no damage.
You hit the centaur.
The centaur is moderately wounded.
The centaur misses you. The centaur kicks you.
* * * LOW HITPOINT WARNING * * *
The centaur hits you but does no damage.
The centaur kicks you but does no damage.
You barely miss the centaur.
The centaur is moderately wounded.
The centaur hits you but does no damage.
The centaur kicks you but does no damage.
You hit the centaur.
The centaur is moderately wounded.
The centaur is engulfed in blazing flames.
The centaur barely misses you.
The centaur kicks you but does no damage.
You barely miss the centaur.
The centaur is almost dead.
The centaur is engulfed in blazing flames.
You kill the centaur!
Something barely misses you. The orc completely misses you.
Items here: ( )))) †.
You hit the orc.
The orc is severely wounded.
Something hits you!
* * * LOW HITPOINT WARNING * * *
The orc is engulfed in blazing flames.
You kill the orc!
Something completely misses you.
There is an open door, spattered with blood here.
You see here a +0 mace.
Something barely misses you.
Items here: ( )))) †.
Something hits you but does no damage.
Items here: ( )))) †.
You puncture something! Something hits you!
You die...

#.##.....#####)....#
#.##..#.....†)..#..#
#.##.....#####..(..# #..J
...##...##...##...## #.J# #
....##.##.....##.## #.J. .#
...###.#.......#.# #.J ....
#....))#...|...☼.# ... #...
#.####.#.......#)# #.# ##.P.
#.# #.##.....##@##
####.####..PP #+#
#...##...##...# #.........P..
#.....#####.....##.##.###.....
#..#.... ....#..##.##.## #.P..
#.. ..#####.....##.##..###..P.
##. .##...##...###.##...##...P
#####.....#####.........†....
..###.........#####...###...
#.# ##.##..##.# ###.#####.P


There were no monsters in sight!

Vanquished Creatures
  A two-headed ogre (D:8)
  A troll (D:6)
  2 wraiths (Ossuary)
  2 steam dragons
  The ghost of juan097 the Magician, an amateur DjFE of Makhleb (D:3)
  Edmund (D:5)
  A water moccasin (D:6)
  2 ice beasts
  An orc warrior (D:8)
  An ogre (D:4)
  4 centaurs (D:8)
  2 phantoms
  3 kobold brigands (D:8)
  5 bullfrogs
  4 scorpions
  9 wights
  5 killer bees (D:4)
  3 howler monkeys
  2 hounds
  3 jellies
  4 orc priests (D:7)
  2 sleepcaps
  A hell rat (Sewer)
  An iguana (D:4)
  5 orc wizards
  10 gnolls
  13 adders
  A shadow imp (D:7)
  3 white imps
  3 ufetubi
  2 adder zombies (Ossuary)
  2 worms (D:4)
  3 dart slugs
  18 orcs
  5 endoplasms
  6 giant cockroaches
  7 goblins
  3 hobgoblins
  2 jackals (D:1)
  5 kobolds
  6 quokkas
  5 ball pythons
  3 ball python skeletons (Ossuary)
  6 bats
  4 frilled lizards
  3 hobgoblin skeletons (Ossuary)
  An orc zombie (Ossuary)
  4 rats (Sewer)
181 creatures vanquished.

Vanquished Creatures (others)
  4 fungi (D:8)
  3 plants (D:8)
7 creatures vanquished.

Grand Total: 188 creatures vanquished

Notes
Turn   | Place    | Note
-------+----------+-------------------------------------------
     0 | D:1      | Demosthentine the Demonspawn Gladiator began the quest for
                  | the Orb.
     0 | D:1      | Reached XP level 1. HP: 16/16 MP: 1/1
   174 | D:1      | Gained mutation: Your demonic aura sometimes causes spilled
                  | blood to erupt in flames. [demonic ancestry]
   174 | D:1      | Reached XP level 2. HP: 22/22 MP: 2/2
   453 | D:1      | Found a faded altar of an unknown god.
   951 | D:2      | Reached skill level 1 in Armour
   951 | D:2      | Reached XP level 3. HP: 24/28 MP: 3/3
  1122 | D:2      | HP: 1/28 [poisoned by an adder]
  1518 | D:1      | Gained mutation: Your demonic aura often causes spilled
                  | blood to erupt in flames. [demonic ancestry]
  1518 | D:1      | Reached XP level 4. HP: 24/34 MP: 4/4
  2364 | D:3      | Reached XP level 5. HP: 41/41 MP: 5/5
  2657 | D:3      | Identified the +0 pair of gloves of Tomorrow {Int+5}
  2936 | D:3      | Found a large runed translucent door.
  2937 | D:3      | Found a large runed translucent door.
  2942 | D:3      | Noticed juan097's ghost (amateur DjFE)
  3135 | D:3      | Killed juan097's ghost
  3136 | D:3      | Reached XP level 6. HP: 16/47 MP: 6/6
  3140 | D:3      | HP: 2/47 [poisoned by juan097's ghost]
  3237 | D:4      | Found a broken altar of Ashenzari.
  3243 | D:4      | Found a shimmering altar of Xom.
  3248 | D:4      | Found a radiant altar of Vehumet.
  4074 | D:4      | Gained mutation: Your demonic aura causes all spilled blood
                  | to erupt in flames. [demonic ancestry]
  4074 | D:4      | Reached XP level 7. HP: 12/54 MP: 7/7
  4303 | D:4      | HP: 1/54 [killer bee (8)]
  4976 | D:4      | Found a basalt altar of Yredelemnul.
  5003 | D:4      | Found a sacrificial altar of Ru.
  5626 | D:5      | Entered Level 5 of the Dungeon
  5681 | D:5      | Found a glowing drain.
  5705 | Sewer    | Entered a sewer
  5888 | D:5      | Noticed Edmund
  5901 | D:5      | Killed Edmund
  6113 | D:5      | Reached skill level 5 in Fighting
  6113 | D:5      | Reached skill level 5 in Polearms
  6113 | D:5      | Reached skill level 5 in Dodging
  6113 | D:5      | Gained mutation: You have a somewhat thin skeletal
                  | structure. (Dex +2, Stealth+) [demonic ancestry]
  6113 | D:5      | Reached XP level 8. HP: 46/62 MP: 8/8
  6974 | D:5      | Found a bloodstained altar of Trog.
  7612 | D:6      | Noticed a troll
  7621 | D:6      | Killed a troll
  7982 | D:6      | Reached skill level 5 in Armour
  8421 | D:7      | Gained mutation: You regenerate magic rapidly. [demonic
                  | ancestry]
  8421 | D:7      | Reached XP level 9. HP: 63/69 MP: 9/9
  9736 | D:7      | Found a staircase to the Ecumenical Temple.
  9745 | Temple   | Entered the Ecumenical Temple
 10620 | D:8      | Found a sand-covered staircase.
 10629 | Ossuary  | Entered an ossuary
 11231 | D:8      | Gained mutation: When hurt, damage is shared between your
                  | health and your magic reserves. [demonic ancestry]
 11231 | D:8      | Reached XP level 10. HP: 39/79 MP: 10/10
 11411 | D:8      | Noticed a two-headed ogre
 11425 | D:8      | Killed a two-headed ogre
 11434 | D:8      | HP: 2/80 [something (3)]
 11441 | D:8      | HP: 1/80 [centaur/arrow (10)]
 11449 | D:8      | HP: 2/80 [something (7)]
 11455 | D:8      | Slain by an unseen horror

Illustrated notes

Levels and vault maps discovered:
D:1:      tarquinn_simple_flora_water_b, layout_loops_corners,
          shapermc_ecumenical_altar_flowoftime
D:2:      layout_basic
D:3:      layout_rooms, ebering_ghost_disaster_area
D:4:      layout_loops_corners, minitemple, mainiacjoe_overflow_large_starburst
D:5:      layout_basic, mainiacjoe_overflow_cross_hatched, gup_sewer_entry_pipe,
          uniq_edmund
D:6:      layout_loops_corners, minmay_misc_feat_cross
D:7:      layout_layer_cave, minmay_temple_entry_antechambers
D:8:      minmay_octagon_keep, layout_loops_corners, lemuel_tele_altar,
          grunt_lair_entry_orc_guard_hut, enter_ossuary_1,
          minmay_misc_feat_encased
Temple:   nicolae_temple_bog_church

Skill      XL: |  1  2  3  4  5  6  7  8  9 |
---------------+----------------------------+-----
Polearms       | 3 4 5 6 7 |  7.5
Armour         | 1 2 3 4 5 6 |  6.9
Dodging        | 3 4 5 6 7 |  7.5
Fighting       | 3 4 5 6 7 |  7.9
Throwing       | |  1.7

Action                     |  1- 3 |  4- 6 |  7- 9 | 10-12 || total
---------------------------+-------+-------+-------+-------++-------
  Melee: Trident           |    89 |   178 |   530 |    56 ||   853
         Punch             |       |     2 |    11 |     2 ||    15
  Throw: Throwing net      |       |     3 |     2 |       ||     5
         Javelin           |       |       |       |     1 ||     1
    Use: Scroll            |     3 |     7 |     8 |       ||    18
         Potion            |     2 |     3 |     1 |     2 ||     8
   Stab: Sleeping          |     1 |     1 |    20 |       ||    22
         Held in net/web   |       |     1 |     2 |       ||     3
         Distracted        |       |       |     1 |     1 ||     2
 Armour: Leather armour    |    28 |    25 |    59 |       ||   112
         Steam dragon scal |       |       |    42 |    16 ||    58
  Dodge: Dodged            |    69 |   103 |   295 |    49 ||   516

Table legend: (Time is in decaauts)
 A = Elapsed time spent in this place.
 B = Non-inter-level travel time spent in this place.
 C = Inter-level travel time spent in this place.
 D = Time resting spent in this place.
 E = Time spent auto-exploring this place.
 F = Levels seen in this place.
 G = Mean time per level.
                   A        B        C        D        E       F      G
               +--------+--------+--------+--------+--------+-----+--------+
         Total |  11547 |  11364 |    183 |   1578 |   7837 |  11 | 1049.7 |
       Dungeon |  10691 |  10508 |    183 |   1578 |   7191 |   8 | 1336.4 |
        Temple |    165 |    165 |      0 |      0 |    139 |   1 |  165.0 |
         Sewer |    176 |    176 |      0 |      0 |    136 |   1 |  176.0 |
       Ossuary |    513 |    513 |      0 |      0 |    369 |   1 |  513.0 |
               +--------+--------+--------+--------+--------+-----+--------+

Top non-repeatable levels by time:
     D:4: 2464 daAuts
     D:7: 1705 daAuts
     D:5: 1564 daAuts
     D:2: 1114 daAuts
     D:1: 1106 daAuts
     D:6: 1064 daAuts
     D:3: 985 daAuts
     D:8: 687 daAuts
 Ossuary: 513 daAuts
   Sewer: 176 daAuts
  Temple: 165 daAuts
